 Dungeon Crawl Stone Soup version 0.31-a0-851-g7ff8af7976 (webtiles) character file.

Game seed: 4171746817063333503

42 lunkers the Ruffian (level 4, -1/35 HPs)
             Began as a Meteoran Shapeshifter on Oct 6, 2023.
             Slain by a kobold
             ... wielding a +0 short sword
              (4 damage)
             ... on level 2 of the Dungeon.
             The game lasted 00:00:51 (302 turns).

lunkers the Ruffian (Meteoran Shapeshifter)          Turns: 302, Time: 00:00:52

Health: -1/35      AC:  2    Str: 16    XL:     4   Next: 3%
Magic:  5/5        EV: 12    Int: 11    God:
Gold:   11         SH:  0    Dex: 15    Spells: 3/3 levels left

rFire   . .          .
                       - Unarmed
rCold   . . .        (no shield)
rNeg    . . .        a - +0 animal skin
rPois   .            (helmet currently unavailable)
rElec   .            (cloak currently unavailable)
rCorr   .            (gloves currently unavailable)
SInv    .            (boots currently unavailable)
Will    .....        (no amulet)
Stlth   +            (no ring)
HPRegen 0.25/turn    (no ring)
MPRegen 0.09/turn

%: no passive effects
@: beast-form, glowing
A: beast (slay +2), sense surroundings 1, otherworldly, glowing, explore regen
a: Begin Untransformation


You were on level 2 of the Dungeon.
You were a hulking beast.
You visited 1 branch of the dungeon, and saw 2 of its levels.

You collected 11 gold pieces.

Inventory:

Hand Weapons
 h - a +0 dagger
Armour
 a - a +0 animal skin (worn)
 i - a scarf of invisibility
Talismans
 c - a beast talisman (active)
 d - a flux talisman
Scrolls
 e - 2 scrolls of identify {unknown}
 f - a scroll of teleportation {unknown}
 g - a scroll of brand weapon {unknown}
Potions
 b - a potion of lignification


   Skills:
 - Level 1.1 Fighting
 - Level 2.1 Dodging
 * Level 4.8 Unarmed Combat
 + Level 4.2 Shapeshifting


You had 3 spell levels left.
You didn't know any spells.
Your spell library was empty.

Dungeon Overview and Level Annotations

Branches:
Dungeon (2/15) Zot: 902

Altars:


Innate Abilities, Weirdness & Mutations

You are a hulking beast.
Your limbs bulge with bestial killing power. (Slay +2)
You passively map a small area around you.
You are easily found by Zot.
You glow in the dark.
You regain HP and MP as you explore.


Message History

You completely miss the adder. The adder misses you.
Unknown command.
You miss the adder. The adder bites you.
* * * LOW HITPOINT WARNING * * *
You are poisoned.
The adder poisons you! The adder barely misses you.
You closely miss the adder.
You feel sick. The adder misses you.
Unknown command.
You closely miss the adder.
You feel sick. The adder barely misses you.
Unknown command.
You punch the adder!
The adder is heavily wounded.
You feel sick. The adder bites you.
* * * LOW HITPOINT WARNING * * *
You punch the adder!
You kill the adder!
You feel sick.
You have reached level 4!
You barely miss the goblin.
You feel sick. The goblin barely misses you.
Unknown command.
You hit the goblin.
You kill the goblin!
Unknown command.
You barely miss the kobold.
You feel sick.
You are no longer poisoned.
The kobold closely misses you.
Unknown command.
You closely miss the kobold. The kobold closely misses you.
You closely miss the kobold.
The kobold hits you with a +0 short sword.
* * * LOW HITPOINT WARNING * * *
You completely miss the kobold.
The kobold hits you with a +0 short sword.
* * * LOW HITPOINT WARNING * * *
You barely miss the kobold. You completely miss the kobold.
The kobold closely misses you.
You hit the kobold.
The kobold is severely wounded.
The kobold hits you with a +0 short sword.
You die...

........## #.# , ,.. *
#........#####.##,,..,
#...............# . *
#.......#.......# .#
#.......##......##.#+#+#
.###.......##......#.......,,,
...........'..............., *
...........######..........,
...........##..hK.#........
...........##.#####...#.... *
........##### # #........ ,
........#####.## #.#....#. ,
.#######.......# #.#..$.#,,
####.......# *#.#.#.##
#..†........ , .. *.# ,
#.##....#.## * * , #.##....#.#
*


You could see a kobold.

Vanquished Creatures
  An adder (D:2)
  A gnoll (D:1)
  2 bats (D:1)
  An endoplasm (D:2)
  3 goblins
  A hobgoblin (D:1)
  3 jackals (D:1)
  A quokka (D:1)
  5 ball pythons (D:1)
  A frilled lizard (D:1)
  A kobold (D:2)
  A rat (D:1)
21 creatures vanquished.

Notes
Turn   | Place    | Note
-------+----------+-------------------------------------------
     0 | D:1      | lunkers the Meteoran Shapeshifter began the quest for the
                  | Orb.
     0 | D:1      | Reached XP level 1. HP: 16/16 MP: 2/2
    42 | D:1      | Reached XP level 2. HP: 23/23 MP: 3/3
   155 | D:1      | Reached XP level 3. HP: 28/28 MP: 4/4
   294 | D:2      | Reached XP level 4. HP: 6/35 MP: 5/5
   302 | D:2      | Slain by a kobold

Illustrated notes

Levels and vault maps discovered:
D:1:      minmay_arrival_semitransparent, layout_loops_corners
D:2:      layout_basic, shapermc_ecumenical_altar_totnotflames,
          kennysheep_generic_room_5, uniq_robin

Skill      XL: |  1  2 |
---------------+-------+-----
Unarmed Combat | 4 |  4.8
Shapeshifting  | 4 |  4.2
Fighting       | |  1.1
Dodging        | |  2.1

Action                     |  1- 3 |  4- 6 || total
---------------------------+-------+-------++-------
  Melee: Unarmed           |    47 |     9 ||    56
 Armour: Animal skin       |    22 |     3 ||    25
  Dodge: Dodged            |    35 |     4 ||    39

Table legend: (Time is in decaauts)
 A = Elapsed time spent in this place.
 B = Non-inter-level travel time spent in this place.
 C = Inter-level travel time spent in this place.
 D = Time resting spent in this place.
 E = Time spent auto-exploring this place.
 F = Levels seen in this place.
 G = Mean time per level.
                   A        B        C        D        E       F      G
               +--------+--------+--------+--------+--------+-----+--------+
         Total |    297 |    297 |      0 |      0 |    184 |   2 |  148.5 |
       Dungeon |    297 |    297 |      0 |      0 |    184 |   2 |  148.5 |
               +--------+--------+--------+--------+--------+-----+--------+

Top non-repeatable levels by time:
     D:1: 203 daAuts
     D:2: 93 daAuts
